 Dungeon Crawl Stone Soup version 0.30-a0-918-g0ff054e9dc (webtiles) character file.

Game seed: 9986750961285161330

341 cforsyth the Trooper (level 6, 0/49 HPs)
             Began as a Human Fighter on Mar 21, 2023.
             Slain by a gnoll
             ... wielding a +0 halberd
             ... led by a gnoll bouda
              (8 damage)
             ... on level 4 of the Dungeon.
             The game lasted 00:02:39 (2587 turns).

cforsyth the Trooper (Human Fighter)                Turns: 2587, Time: 00:02:40

Health: 0/49       AC:  8    Str: 18    XL:     6   Next: 87%
Magic:  6/6        EV:  5    Int:  9    God:
Gold:   183        SH:  0    Dex: 12    Spells: 5/5 levels left

rFire   . . .      SeeInvis .    a - +0 flail
rCold   . . .      Faith    .    c - +0 buckler
rNeg    . . .      Spirit   .    b - +0 scale mail
rPois   .          Reflect  .    (no helmet)
rElec   .          Rampage  .    u - +0 cloak
rCorr   .                        (no gloves)
Will    .....                    (no boots) Stlth
                                 (no amulet)
HPRegen 0.28/turn                (no ring)
MPRegen 0.10/turn                (no ring)

@: weakened, held
A: no striking features
a: no special abilities


You were on level 4 of the Dungeon.
You visited 1 branch of the dungeon, and saw 4 of its levels.

You collected 183 gold pieces.

Inventory:

Hand Weapons
 a - a +0 flail (weapon)
Armour
 b - a +0 scale mail (worn)
 c - a +0 buckler (worn)
 r - the +1 scale mail of the Hills {+Blink rC+ Will- Stlth+}
   (You found it on level 2 of the Dungeon)

   rC:        It protects you from cold.
   +Blink:    It lets you blink.
   Will:      It decreases your willpower.
   Stlth:     It makes you more stealthy.
 u - a +0 cloak (worn)
Jewellery
 e - an amulet of magic regeneration
Wands
 p - a wand of roots (13)
 x - a wand of flame (21)
 y - a wand of light (4)
Scrolls
 h - 2 scrolls of fog {unknown}
 i - a scroll of teleportation {unknown}
 k - 6 scrolls of identify {unknown}
 n - a scroll of enchant armour {unknown}
 q - a scroll of fear {unknown}
 s - a scroll of summoning {unknown}
 v - a scroll of magic mapping {unknown}
 z - a scroll of immolation {unknown}
Potions
 d - 3 potions of might
 f - 2 potions of degeneration {unknown}
 g - 2 potions of resistance {unknown}
 j - 2 potions of flight {unknown}
 l - a potion of attraction {unknown}
 m - 3 potions of curing {unknown}
 o - a potion of mutation {unknown}
 t - a potion of heal wounds {unknown}
 w - a potion of haste {unknown}


   Skills:
 + Level 4.4 Fighting
 + Level 3.7 Maces & Flails
 + Level 4.3 Armour
 + Level 4.4 Shields


You had 5 spell levels left.
You didn't know any spells.
Your spell library was empty.

Dungeon Overview and Level Annotations

Branches:
Dungeon (4/15)
 Temple: D:4-7

Altars:
Trog

Annotations:
D:2 1 runed translucent door, Crazy Yiuf


Message History

You hear a shout!
A giant cockroach comes into view.
A scorpion comes into view.
The gnoll bouda barks out a call to the hunt!
The gnolls pick up the pace!
You completely miss the gnoll. The gnoll hits you with a +0 whip.
A gnoll comes into view. It is wielding a +0 whip.
The gnoll hits you but does no damage.
You completely miss the gnoll. The gnoll closely misses you.
The gnoll hits you with a +0 flail. The gnoll hits you but does no damage.
The gnoll hits you with a +0 club. The gnoll closely misses you.
The gnoll hits you with a +0 flail.
You sock the gnoll!
The gnoll is severely wounded.
The gnoll barely misses you.
The gnoll bouda gazes fiercely through you!
You feel your attacks grow feeble. The gnoll hits you with a +0 club.
The gnoll hits you but does no damage. x2
The gnoll hits you with a +0 whip!
You hit the gnoll.
You kill the gnoll!
The gnoll hits you from afar with a +0 halberd!
* * * LOW HITPOINT WARNING * * *
The gnoll hits you with a +0 flail.
* * * LOW HITPOINT WARNING * * *
The gnoll hits you with a +0 whip.
* * * LOW HITPOINT WARNING * * *
The giant cockroach bites you.
* * * LOW HITPOINT WARNING * * *
You are too injured to fight recklessly!
You are too injured to fight recklessly!
The gnoll attacks as you move away! The gnoll hits you with a +0 whip.
* * * LOW HITPOINT WARNING * * *
The giant cockroach bites you but does no damage.
The gnoll throws a throwing net.
The throwing net hits you.
You become entangled in the net!
You see here a throwing net.
You struggle against the net.
The giant cockroach barely misses you.
The gnoll hits you from afar with a +0 halberd!
You die...

..........#...#
..........#...
............#
...........#
........!..##
#..).g...#
###..g...#
#.#Bg..#
...#.#@g.##
#....<##
#.!.....#
#......##
#..>.### ...#.#
.#.## #


You could see a gnoll bouda, 3 gnolls and a giant cockroach.

Vanquished Creatures
  An ogre (D:2)
  A phantom (D:2)
  An orc priest (D:3)
  Ijyb (D:3)
  6 adders (D:3)
  A gnoll (D:4)
  2 dart slugs
  5 orcs (D:3)
  3 ball pythons
  3 endoplasms (D:1)
  3 giant cockroaches
  10 goblins
  6 hobgoblins
  A quokka (D:1)
  4 bats
  2 frilled lizards (D:3)
  2 kobolds (D:1)
  7 rats
59 creatures vanquished.

Notes
Turn   | Place    | Note
-------+----------+-------------------------------------------
     0 | D:1      | cforsyth the Human Fighter began the quest for the Orb.
     0 | D:1      | Reached XP level 1. HP: 18/18 MP: 1/1
   177 | D:1      | Reached XP level 2. HP: 19/24 MP: 2/2
   500 | D:1      | Reached XP level 3. HP: 29/29 MP: 3/3
   700 | D:2      | Noticed a phantom
   710 | D:2      | Killed a phantom
   711 | D:2      | Reached XP level 4. HP: 26/37 MP: 4/4
   711 | D:2      | Reached XP level 5. HP: 29/42 MP: 5/5
   773 | D:2      | Identified the +1 scale mail of the Hills {+Blink rC+ Will-
                  | Stlth+}
   851 | D:2      | Noticed an ogre
   858 | D:2      | Killed an ogre
  1034 | D:2      | Reached XP level 6. HP: 48/48 MP: 6/6
  1044 | D:2      | Found a bloodstained altar of Trog.
  1263 | D:2      | Found a runed translucent door.
  1264 | D:2      | Noticed Crazy Yiuf
  2090 | D:3      | Noticed Ijyb
  2105 | D:3      | Killed Ijyb
  2587 | D:4      | Slain by a gnoll

Illustrated notes

Levels and vault maps discovered:
D:1:      matt_arrival_los_fun, layout_basic
D:2:      layout_loops_ring, basic_altar, uniq_crazy_yiuf_cottage
D:3:      layout_basic, minmay_quadrilaterals, uniq_ijyb
D:4:      layout_cave_pools, marbit_many_paths,
          mainiacjoe_overflow_tiny_flanked, nicolae_ru_path_of_blood,
          mainiacjoe_overflow_small_starburst, nicolae_grassy_gnolls,
          uniq_duvessa, uniq_sigmund

Skill      XL: |  1  2  3  4  5  6 |
---------------+-------------------+-----
Fighting       | 4 |  4.4
Maces & Flails | 3 |  3.7
Shields        | 4 |  4.4
Armour         | 4 |  4.3

Action                     |  1- 3 |  4- 6 || total
---------------------------+-------+-------++-------
  Melee: Flail             |    64 |   129 ||   193
 Armour: Scale mail        |    34 |    75 ||   109
  Dodge: Dodged            |    26 |    47 ||    73
  Block: Buckler           |    17 |    30 ||    47

Table legend: (Time is in decaauts)
 A = Elapsed time spent in this place.
 B = Non-inter-level travel time spent in this place.
 C = Inter-level travel time spent in this place.
 D = Time resting spent in this place.
 E = Time spent auto-exploring this place.
 F = Levels seen in this place.
 G = Mean time per level.
                   A        B        C        D        E       F      G
               +--------+--------+--------+--------+--------+-----+--------+
         Total |   2642 |   2599 |     43 |      0 |   2137 |   4 |  660.5 |
       Dungeon |   2642 |   2599 |     43 |      0 |   2137 |   4 |  660.5 |
               +--------+--------+--------+--------+--------+-----+--------+

Top non-repeatable levels by time:
     D:3: 1065 daAuts
     D:2: 929 daAuts
     D:1: 632 daAuts
     D:4: 13 daAuts
